 Dungeon Crawl Stone Soup version 0.29-a0-817-g9904bce7a6 (webtiles) character file.

Game seed: 10790344956430475647

994 nicolae the Changer (level 8, -1/54 HPs)
             Began as a Merfolk Transmuter on July 5, 2022.
             Shot with an arrow by a centaur (4 damage)
             ... on level 5 of the Dungeon.
             The game lasted 00:11:24 (6026 turns).

nicolae the Changer (Merfolk Transmuter)            Turns: 6026, Time: 00:11:25

Health: -1/54      AC:  9    Str:  9 (11) XL:     8   Next: 19%
Magic:  11/11      EV: 12    Int: 13 (14) God:
Gold:   296        SH:  0    Dex: 13 (14) Spells: 1/11 levels left

rFire   . . .      SeeInvis .     - Unarmed
rCold   . . .      Faith    .   (no shield)
rNeg    + . .      Spirit   .   i - +0 robe
rPois   .          Reflect  .   (helmet currently unavailable)
rElec   .          Harm     .   (no cloak)
rCorr   .          Rampage  .   p - +0 pair of gloves
Will    .....                   (boots currently unavailable)
Stlth   +.........              (no amulet)
HPRegen 0.18/turn               d - +4 ring of protection
MPRegen 0.12/turn               j - ring of positive energy

@: appendages (expiring), on berserk cooldown, attractive, slowed, very slow
A: horns 2, (nimble swimmer 2), mertail, iridescent scales 1
a: End Transformation


You were on level 5 of the Dungeon.
You had temporarily grown beastly horns.
You visited 1 branch of the dungeon, and saw 5 of its levels.

You collected 296 gold pieces.

Inventory:

Missiles
 f - 8 poisoned darts
Armour
 i - a +0 robe (worn)
 p - a +0 pair of gloves (worn)
 r - a +0 helmet (melded)
Jewellery
 d - a +4 ring of protection (left hand)
 j - a ring of positive energy (right hand)
Wands
 u - a wand of mindburst (9)
Scrolls
 c - 5 scrolls of teleportation
 e - a scroll of noise {unknown}
 h - a scroll of silence {unknown}
 l - a scroll of poison {unknown}
 o - a scroll of identify {unknown}
 s - a scroll of torment {unknown}
 v - 2 scrolls of magic mapping
Potions
 b - 4 potions of lignification
 g - a potion of mutation
 m - a potion of attraction
 t - a potion of brilliance {unknown}


   Skills:
 - Level 1.1 Fighting
 - Level 2.6 Dodging
 - Level 5.8 Unarmed Combat
 - Level 2.0 Spellcasting
 + Level 6.4 Transmutations
 - Level 5.0 Ice Magic
 - Level 5.0 Poison Magic


You had one spell level left.
You knew the following spells:

 Your Spells              Type           Power      Damage    Failure   Level
a - Beastly Appendage     Tmut           36%        N/A       1%          1
b - Wereblood             Tmut           18%        N/A       2%          2
c - Spider Form           Tmut/Pois      16%        N/A       8%          3
d - Ice Form              Ice/Tmut       16%        N/A       24%         4

Your spell library contained the following spells:

 Spells                   Type           Power      Damage    Failure   Level
 Apportation              Tloc           2%         N/A       26%         1
 Magic Dart               Conj           4%         1d3       26%         1
 Frozen Ramparts          Ice            28%        1d4       10%         3
 Searing Ray              Conj           2%         2d4       36%         2
 Alistair's Intoxication  Tmut/Pois      10%        N/A       56%         5
 Summon Ice Beast         Ice/Summ       7%         N/A       65%         4
 Fulminant Prism          Conj/Hex       0%         3d6       94%         4


Dungeon Overview and Level Annotations

Branches:
Dungeon (5/15)
 Temple: D:4-7

Altars:
Okawaru


Innate Abilities, Weirdness & Mutations

You have temporarily grown beastly horns.
((You are very nimble when in or above water. (Stealth+, EV+, Speed+++)))
Your lower body shifts to a powerful aquatic tail in water.
You are partially covered in iridescent scales. (AC +2)


Message History

The jelly barely misses you.
You hit the jelly but do no damage.
Your hands burn!
The jelly is heavily wounded.
Okay, then.
As you read the scroll labelled NETAT PYNURR, it crumbles to dust.
The creatures around you are filled with an inner flame!
It was a scroll of immolation.
The jelly hits you.
You are splashed with acid!
The jelly attacks as you move away! The jelly hits you but does no damage.
The jelly attacks as you move away! The jelly barely misses you.
A white imp comes into view.
The jelly closely misses you. The jelly attacks as you move away!
The jelly hits you.
You are splashed with acid!
* * * LOW HITPOINT WARNING * * *
The centaur shoots an arrow.
The arrow hits you!
* * * LOW HITPOINT WARNING * * *
Something shouts, "Embrace submission, thou bumbling ruttish pustule!"
It was a potion of attraction.
You feel attractive to monsters.
The jelly jiggles.
The jelly completely misses you.
It was a potion of degeneration.
There was something very wrong with that liquid.
You feel weakened.
You feel dopey.
You feel clumsy. The jelly barely misses you.
It was a potion of berserk rage.
A red film seems to cover your vision as you go berserk!
You feel yourself moving faster!
You feel mighty! The jelly hits you but does no damage.
You feel a strong urge to attack something.
The ogre is attracted toward you. The centaur is attracted toward you.
You feel your anger nearly subside.
Your transformation is almost over.
You are no longer berserk.
You are exhausted.
You feel yourself slow down. The centaur is attracted toward you.
You see here a +0 ring mail.
The jelly attacks as you move away! The jelly barely misses you.
You are no longer corroded.
The centaur shoots an arrow.
The arrow hits you.
You die...

#....#..###..##..####...
#......## #..###.## ###)
#.....## #..# #..####..
#....## ##.###........
##...# ##.##........#
#..#.## ###............#
#####.###.....###......#
##....#...# ##.....#
#.@####... #.....# ##.J.#
##..# ##..... #c.#..#
#...##......
..######O####.##......##...
.........# ......### #...
#...####.## ....## # ##§##
....# ##§.###....#
#.........#


You could see an ogre (inner flame), a centaur (inner flame) and a jelly (inner
flame).

Vanquished Creatures
  A wyvern (D:5)
  An ogre (D:4)
  A centaur (D:5)
  5 scorpions
  A jelly (D:4)
  2 hounds
  Terence (D:3)
  An orc wizard (D:4)
  Robin (D:3)
  A gnoll (D:3)
  6 adders
  A white imp (D:5)
  An ufetubus (D:4)
  2 worms (D:2)
  6 dart slugs
  11 orcs
  2 bats (D:1)
  6 endoplasms
  6 giant cockroaches
  17 goblins
  13 hobgoblins
  5 quokkas
  8 ball pythons
  3 frilled lizards
  19 kobolds
  3 rats
124 creatures vanquished.

Vanquished Creatures (others)
  An orc wizard (D:4)
1 creature vanquished.

Grand Total: 125 creatures vanquished

Notes
Turn   | Place    | Note
-------+----------+-------------------------------------------
     0 | D:1      | nicolae the Merfolk Transmuter began the quest for the Orb.
     0 | D:1      | Reached XP level 1. HP: 15/15 MP: 3/3
    53 | D:1      | Reached skill level 3 in Transmutations
   455 | D:1      | Reached XP level 2. HP: 13/21 MP: 3/5
   458 | D:1      | Learned a level 2 spell: Wereblood
   640 | D:1      | Reached skill level 4 in Transmutations
   890 | D:1      | Reached XP level 3. HP: 26/26 MP: 4/6
   894 | D:1      | Learned a level 3 spell: Spider Form
  1004 | D:1      | Found a faded altar of an unknown god.
  1109 | D:1      | Reached skill level 5 in Transmutations
  1526 | D:2      | Reached skill level 1 in Poison Magic
  1682 | D:2      | Noticed a scorpion
  1692 | D:2      | Killed a scorpion
  1693 | D:2      | Reached XP level 4. HP: 32/32 MP: 7/7
  1774 | D:2      | Reached XP level 5. HP: 37/37 MP: 8/8
  2528 | D:3      | Noticed Robin
  2574 | D:3      | Killed Robin
  2661 | D:3      | Noticed Terence
  2671 | D:3      | Killed Terence
  2807 | D:3      | Reached skill level 5 in Poison Magic
  2807 | D:3      | Reached XP level 6. HP: 37/43 MP: 6/9
  2812 | D:3      | Found an iron altar of Okawaru.
  4261 | D:4      | Reached skill level 5 in Unarmed Combat
  4576 | D:4      | Gained mutation: You are partially covered in iridescent
                  | scales. (AC +2) [potion of mutation]
  4576 | D:4      | Gained mutation: You are dopey. (Int -2) [potion of
                  | mutation]
  4576 | D:4      | Lost mutation: You are dopey. (Int -2) [potion of mutation]
  4589 | D:4      | Reached XP level 7. HP: 34/48 MP: 4/10
  4640 | D:4      | Learned a level 4 spell: Ice Form
  4689 | D:4      | Reached skill level 1 in Ice Magic
  5182 | D:5      | Entered Level 5 of the Dungeon
  5437 | D:5      | Noticed a wyvern
  5451 | D:5      | HP: 3/72 [wyvern (8)]
  5452 | D:5      | Killed a wyvern
  5453 | D:5      | Reached skill level 5 in Ice Magic
  5453 | D:5      | Reached XP level 8. HP: 4/54 MP: 11/11
  5886 | D:5      | Reached skill level 6 in Transmutations
  6018 | D:5      | HP: 1/54 [centaur/arrow (8)]
  6026 | D:5      | Shot with an arrow by a centaur

Illustrated notes

Levels and vault maps discovered:
D:1:      lemuel_arrival_funnel, layout_basic, shapermc_ecumenical_altar_ellora,
          hangedman_decor_points, st_stairs_9
D:2:      layout_rooms
D:3:      layout_basic, okawaru_altar_gauntlet_db, uniq_robin, uniq_terence
D:4:      layout_loops_ring, kennysheep_generic_room_13
D:5:      layout_layer_cave, minivault_4, grunt_ministairs_7,
          uniq_crazy_yiuf_cottage

Skill      XL: |  1  2  3  4  5  6  7  8 |
---------------+-------------------------+-----
Transmutations | 3 4 5 6 |  6.4
Poison Magic   | 3 5 |  5.0
Unarmed Combat | 5 |  5.8
Ice Magic      | 5 |  5.0
Fighting       | |  1.1
Dodging        | |  2.6
Spellcasting   | |  2.0

Action                   |  1- 3 |  4- 6 |  7- 9 || total
-------------------------+-------+-------+-------++-------
Melee: Unarmed           |   114 |   219 |    93 ||   426
       Headbutt          |    20 |    30 |     9 ||    59
       Punch             |     1 |     2 |     5 ||     8
Throw: Dart              |     1 |     1 |       ||     2
 Cast: Beastly Appendage |    21 |    29 |     7 ||    57
       Wereblood         |     1 |     6 |     1 ||     8
       Spider Form       |       |     3 |     1 ||     4
  Use: Potion            |     1 |     4 |     5 ||    10
       Scroll            |       |     1 |     3 ||     4
 Stab: Sleeping          |     2 |     2 |     1 ||     5
Armor: Robe              |    28 |    49 |    37 ||   114
       Skin              |     1 |     1 |     7 ||     9
Dodge: Dodged            |    63 |   119 |    70 ||   252

Table legend: (Time is in decaauts)
 A = Elapsed time spent in this place.
 B = Non-inter-level travel time spent in this place.
 C = Inter-level travel time spent in this place.
 D = Time resting spent in this place.
 E = Time spent auto-exploring this place.
 F = Levels seen in this place.
 G = Mean time per level.
                   A        B        C        D        E       F      G
               +--------+--------+--------+--------+--------+-----+--------+
         Total |   5991 |   5889 |    102 |   1848 |   3015 |   5 | 1198.2 |
       Dungeon |   5991 |   5889 |    102 |   1848 |   3015 |   5 | 1198.2 |
               +--------+--------+--------+--------+--------+-----+--------+

Top non-repeatable levels by time:
     D:3: 1482 daAuts
     D:1: 1420 daAuts
     D:4: 1212 daAuts
     D:2: 1038 daAuts
     D:5: 838 daAuts
